 Dungeon Crawl Stone Soup version 0.23.1 (webtiles) character file.

Game seed: 0

676 Borgoz the Sneak (level 7, -2/58 (59) HPs)
             Began as a Ghoul Assassin on Mar 13, 2019.
             Slain by a crimson imp (3 damage)
             ... on level 5 of the Dungeon.
             The game lasted 00:06:47 (3812 turns).

Borgoz the Sneak (Ghoul Assassin)                   Turns: 3812, Time: 00:06:48

HP:   -2/58 (59)    AC:  8    Str: 14 (15) XL:     7   Next: 59%
MP:   15/15         EV: 12    Int: 10 (11) God:
Gold: 217           SH:  6    Dex: 11 (12) Spells: 6/6 levels left

rFire    . . .     SeeInvis .   a - +2 dagger (flame)
rCold    + . .     Gourm    .   i - +2 buckler
rNeg     + + +     Faith    .   y - +3 leather armour {MR+}
rPois    ∞         Spirit   .   (no helmet)
rElec    .         Reflect  .   d - +0 cloak
rCorr    .         Harm     .   p - +0 pair of gloves
MR       +....                  (no boots)
Stlth    +++.......             o - amulet of magic regeneration
HPRegen  0.00/turn              r - ring of magical power
MPRegen  0.39/turn              (no ring)

@: brilliant, flying, rotting
A: rotting body, claws 1, carnivore, cold resistance 1, negative energy
resistance 3, inhibited regeneration, torment resistance, unbreathing
a: no special abilities


You were on level 5 of the Dungeon.
You were not hungry.

You visited 1 branch of the dungeon, and saw 5 of its levels.

You collected 217 gold pieces.

Inventory:

Hand Weapons
 a - a +2 dagger of flaming (weapon)
 b - a +0 blowgun
Missiles
 c - 8 needles of confusion
 e - 28 poisoned needles
 f - 2 curare-tipped needles
 C - 7 javelins (quivered)
Armour
 d - a +0 cloak (worn)
 i - a +2 buckler (worn)
 n - a +0 ring mail of cold resistance
 p - a +0 pair of gloves (worn)
 y - a +3 leather armour of magic resistance (worn)
Jewellery
 o - an amulet of magic regeneration (around neck)
 r - a ring of magical power (left hand)
Scrolls
 h - a scroll of amnesia {unknown}
 j - 5 scrolls of identify {unknown}
 k - 2 scrolls of magic mapping {unknown}
 l - 2 scrolls of random uselessness {unknown}
 m - 3 scrolls of teleportation {unknown}
 q - a scroll of fear {unknown}
 s - 7 scrolls of remove curse {unknown}
 t - a scroll of immolation {unknown}
 v - a scroll of blinking {unknown}
Potions
 w - a potion of mutation
 E - a potion of agility
Comestibles
 g - 8 rations


   Skills:
 + Level 4.0 Fighting
 + Level 3.4 Short Blades
 - Level 1.7 Throwing
 + Level 2.6 Armour
 + Level 3.0 Dodging
 + Level 5.9 Stealth
 + Level 2.7 Shields


You had 6 spell levels left.
You didn't know any spells.
Your spell library was empty.

Dungeon Overview and Level Annotations

Branches:
Dungeon (5/15)
 Temple: D:4-7

Altars:
Dithmenos
Gozag
Makhleb
Qazlal
Sif Muna
Trog
Wu Jian
Xom

Annotations:
D:5 Prince Ribbit


Innate Abilities, Weirdness & Mutations

Your body is rotting away.
You thrive on raw meat.
You are immune to poison.
You have sharp fingernails.
You are carnivorous and can eat meat at any time.
Your flesh is cold resistant. (rC+)
You are immune to negative energy. (rN+++)
You do not regenerate when monsters are visible.
You are immune to unholy pain and torment.
You can survive without breathing.


Message History

The crimson imp is heavily wounded.
You barely miss the crimson imp.
The crimson imp is heavily wounded.
You block the crimson imp's attack.
You hit the crimson imp.
The crimson imp is severely wounded.
The crimson imp barely misses you.
You closely miss the crimson imp.
The crimson imp is severely wounded.
The crimson imp grins evilly.
The crimson imp hits you but does no damage.
You hit the crimson imp.
The crimson imp is severely wounded.
You block the crimson imp's attack.
You hit the crimson imp but do no damage.
The crimson imp is heavily wounded.
You hit the crimson imp.
The crimson imp is severely wounded.
The crimson imp hits you.
You die...

........####.####
................#
...#.#.# #.##.#
###.#'#.###.##.# #
#...........##.#(#
#................#
#...........##.###
#......5.....#... .#
#.....@.....>#######.#
#................<...#
#......(..........##.##
#.................##..
###+########......##.#.
#......##.#.
#........... #.
#########.#. #.# #.#


You could see a crimson imp.

Vanquished Creatures
  A sky beast (D:5)
  An ogre (D:4)
  2 scorpions (D:4)
  A centaur zombie (D:5)
  A hound (D:4)
  3 orc wizards
  3 iguanas (D:4)
  A worker ant (D:4)
  4 gnolls (D:3)
  3 adders
  An ooze (D:2)
  2 dart slugs
  11 orcs
  2 giant cockroaches (D:2)
  5 goblins
  7 hobgoblins
  8 jackals (D:3)
  6 kobolds
  4 bats
  3 frilled lizards
  10 rats
79 creatures vanquished.

Notes
Turn   | Place    | Note
-------+----------+-------------------------------------------
     0 | D:1      | Borgoz the Ghoul Assassin began the quest for the Orb.
     0 | D:1      | Reached XP level 1. HP: 17/17 MP: 0/0
    25 | D:1      | Reached skill level 1 in Dodging
   241 | D:1      | Reached XP level 2. HP: 25/25 MP: 1/1
   663 | D:2      | Reached XP level 3. HP: 30/30 MP: 2/2
  1362 | D:3      | Reached skill level 1 in Armour
  1362 | D:3      | Reached skill level 1 in Shields
  1362 | D:3      | Reached XP level 4. HP: 13/37 MP: 3/3
  1647 | D:3      | Reached skill level 5 in Stealth
  1647 | D:3      | Reached XP level 5. HP: 37/45 MP: 4/4
  1683 | D:3      | Found a deep blue altar of Sif Muna.
  1827 | D:3      | Found an ornate altar of the Wu Jian Council.
  1827 | D:3      | Found an opulent altar of Gozag.
  2121 | D:4      | Noticed an ogre
  2131 | D:4      | Killed an ogre
  2131 | D:4      | Reached XP level 6. HP: 20/51 MP: 5/5
  2552 | D:4      | Found a shadowy altar of Dithmenos.
  2747 | D:4      | Reached XP level 7. HP: 58/58 MP: 6/6
  3064 | D:4      | Found a stormy altar of Qazlal.
  3367 | D:4      | Found a shimmering altar of Xom.
  3367 | D:4      | Found a bloodstained altar of Trog.
  3368 | D:4      | Found a burning altar of Makhleb.
  3416 | D:5      | Entered Level 5 of the Dungeon
  3724 | D:5      | Noticed Prince Ribbit
  3793 | D:5      | HP: 2/58 [crimson imp (3)]
  3812 | D:5      | Slain by a crimson imp

Skill      XL: |  1  2  3  4  5  6  7 |
---------------+----------------------+-----
Dodging        | 1 2 3 |  3.0
Short Blades   | 2 3 |  3.4
Armour         | 1 2 |  2.6
Shields        | 1 2 |  2.7
Fighting       | 3 4 |  4.0
Stealth        | 5 |  5.9
Throwing       | |  1.7

Action                   |  1- 3 |  4- 6 |  7- 9 || total
-------------------------+-------+-------+-------++-------
Melee: Dagger            |   131 |   215 |   147 ||   493
Throw: Javelin           |       |     2 |     1 ||     3
  Use: Potion            |     4 |       |     6 ||    10
 Stab: Sleeping          |     4 |     3 |     1 ||     8
  Eat: Chunk             |     3 |    16 |     4 ||    23
Armor: Robe              |     2 |       |       ||     2
       Ring mail         |    40 |     6 |       ||    46
       Leather armour    |       |    41 |    46 ||    87
Dodge: Dodged            |    39 |    80 |    55 ||   174
Block: Buckler           |    33 |    57 |    43 ||   133
